 Dungeon Crawl Stone Soup version 0.17-a0-1798-g879a7aa (webtiles) character file.

341 orochimarko the Shield-Bearer (level 6, -6/38 HPs)
             Began as a Gargoyle Fighter on Sept 9, 2015.
             Mangled by an ogre
             ... wielding a +0 giant spiked club
              (22 damage)
             ... on level 4 of the Dungeon on Sept 10, 2015.
             The game lasted 00:29:43 (3125 turns).

orochimarko the Shield-Bearer (Gargoyle Fighter)    Turns: 3125, Time: 00:29:43

Health: -6/38      AC: 26    Str: 21    XL:     6   Next: 56%
Magic:  6/6        EV:  4    Int:  9    God:
Gold:   169        SH:  9    Dex:  9    Spells: 0 memorised, 5 levels left

rFire  . . .     SeeInvis .     t - +3 mace (protect)
rCold  . . .     Clarity  .     o - +0 plate armour
rNeg   + . .     SustAt   .     c - +0 shield
rPois  ∞         Gourm    .     (no helmet)
rElec  +         Spirit   .     p - +1 cloak {+Inv}
rCorr  .         Warding  .     q - +2 pair of gloves
rMut   .         Stasis   .     (no boots)
MR     .....                    (no amulet)
Stlth  ..........               (no ring)
                                (no ring)

@: not resistant to hostile enchantments, extremely unstealthy
A: negative energy resistance 1, electricity resistance, unbreathing,
petrification resistance, rot immunity, subdued magic 2, AC +4
a: Evoke Invisibility


You were on level 4 of the Dungeon.
You were not hungry.

You visited 1 branch of the dungeon, and saw 4 of its levels.

You collected 169 gold pieces.

Inventory:

Hand weapons
 a - a +0 flail
 l - a +1 mace of venom
 m - a +0 morningstar
 t - a +3 mace of protection (weapon)
Armour
 c - a +0 shield (worn)
 o - a +0 plate armour (worn)
 p - a +1 cloak of invisibility (worn)
 q - a +2 pair of gloves (worn)
 w - a +0 pair of gloves
Scrolls
 b - 4 scrolls of identify
 h - a scroll of remove curse
 i - 2 scrolls of amnesia
 j - a scroll of blinking {unknown}
 s - a scroll of enchant armour {unknown}
 x - a scroll of teleportation {unknown}
Potions
 d - 3 potions of might
 f - a potion of haste {unknown}
 g - 2 potions of curing
 k - a potion of poison {unknown}
 u - a potion of heal wounds {unknown}
Comestibles
 e - 3 bread rations
 n - 6 fruits
 r - a chunk of flesh
 v - a slice of pizza


   Skills:
 + Level 4.2 Fighting
 + Level 3.6 Maces & Flails
 + Level 4.6 Armour
 + Level 1.1 Dodging
 + Level 1.0 Stealth
 + Level 4.7 Shields
 + Level 1.0 Evocations


You had 5 spell levels left.
You didn't know any spells.

Dungeon Overview and Level Annotations

Branches:
Dungeon (4/15)
 Temple: D:4-7

Altars:
Dithmenos
Makhleb
Nemelex Xobeh


Innate Abilities, Weirdness & Mutations

You are resistant to torment.
Your stone body is resilient (AC +4).
You are immune to poison.
You resist negative energy.
You are resistant to electric shocks.
You can survive without breathing.
You are immune to petrification.
You are immune to rotting.
Your spells are easier to cast, but less powerful.


Message History

You hit the hound skeleton.
The hound skeleton bites you but does no damage. x2
You hit the hound skeleton.
The hound skeleton bites you but does no damage. x2
You sock the hound skeleton!
You destroy the hound skeleton!
The ogre hits you with a giant spiked club!
You hit the ogre.
The ogre is lightly wounded.
You sock the ogre!
The ogre is severely wounded.
You block the ogre's attack.
You hit the ogre.
The ogre is almost dead.
The ogre hits you with a giant spiked club!
Your plate armour prevents you from hitting the ogre.
The ogre is almost dead.
The ogre hits you with a giant spiked club!!
Ouch! That really hurt!
You die...

..........)# # #.#
#.#####....
#..#..####.####.#
#.# #........##
..........).....#
#.# ########.(.
#..##.###.#.#####
#.# ###[
..#.#.##.###.#####
#. ...#....##
##....# #.
......#..###.###.#
#. ...#.#.##.#.##
#.# ##
##.........## #@#
# ########### #O#
#.... #.......#
#..h_ #.......#
.h.. #.......# ...
# #......... .. ##
#...(...### #. #.
#.......# #.##.
#.......# #....


You could see an ogre.

Vanquished Creatures
  A phantom (D:4)
  A giant frog skeleton (D:4)
  An orc wizard (D:4)
  Crazy Yiuf (D:4)
  Terence (D:2)
  A hound skeleton (D:4)
  6 adders
  An ooze (D:3)
  4 worms
  3 giant geckos
  4 orcs
  8 hobgoblins
  A jackal (D:2)
  7 bats
  A giant cockroach (D:4)
  6 giant newts
  8 goblins
  6 kobolds
  9 rats
  A fungus (D:4)
  2 plants (D:1)
73 creatures vanquished.

Notes
Turn   | Place    | Note
--------------------------------------------------------------
     0 | D:1      | orochimarko the Gargoyle Fighter began the quest for the Orb.
     0 | D:1      | Reached XP level 1. HP: 14/14 MP: 1/1
   142 | D:1      | You fall through a shaft!
   503 | D:2      | Reached XP level 2. HP: 19/19 MP: 2/2
   526 | D:2      | Noticed Terence
   544 | D:2      | Killed Terence
   544 | D:2      | Reached XP level 3. HP: 14/24 MP: 3/3
  1359 | D:2      | Reached XP level 4. HP: 29/29 MP: 4/4
  1423 | D:2      | Reached skill level 4 in Shields
  1773 | D:3      | Found a sparkling altar of Nemelex Xobeh.
  2057 | D:3      | Gained mutation: Your spells are a little easier to cast, but a little less powerful. [mutagenic glow]
  2104 | D:3      | Gained mutation: Your spells are easier to cast, but less powerful. [mutagenic glow]
  2295 | D:3      | Upgraded the game from 0.17-a0-1793-gcbb3aa1 to 0.17-a0-1798-g879a7aa
  2532 | D:4      | Reached skill level 1 in Stealth
  2532 | D:4      | Reached XP level 5. HP: 33/33 MP: 5/5
  2675 | D:4      | Noticed Crazy Yiuf
  2685 | D:4      | Killed Crazy Yiuf
  2685 | D:4      | Reached skill level 1 in Dodging
  2743 | D:4      | Found a burning altar of Makhleb.
  2882 | D:4      | Found a shadowy altar of Dithmenos.
  2882 | D:4      | Noticed a phantom
  2897 | D:4      | Killed a phantom
  2897 | D:4      | Reached skill level 1 in Evocations
  2897 | D:4      | Reached XP level 6. HP: 34/38 MP: 6/6
  3109 | D:4      | Noticed an ogre
  3125 | D:4      | Mangled by an ogre

Vault maps used:
D:1:      minmay_arrival_widening_spiral_wide, serial_forest,
          infiniplex_forest_clump_double, infiniplex_forest_end_3,
          infiniplex_forest_straight_5, infiniplex_forest_end_3,
          infiniplex_forest_corner_1, infiniplex_forest_lined_room_2,
          infiniplex_forest_lined_3, infiniplex_forest_end_2
D:2:      uniq_terence
D:3:      nemelex_spade_bored_becter
D:4:      lemuel_round_altar, nicolae_dithmenos_the_darkroom,
          uniq_crazy_yiuf_cottage

Action                   |  1- 3 |  4- 6 || total
-------------------------+-------+-------++-------
Melee: Flail             |    35 |       ||    35
       Mace              |   102 |   128 ||   230
 Abil: Evoke Invisibilit |       |     5 ||     5
  Use: Scroll            |     2 |     1 ||     3
       Potion            |       |     1 ||     1
  Eat: Chunk             |     2 |     8 ||    10
